 Dungeon Crawl Stone Soup version 0.30-a0-622-gddc90eaa04 (webtiles) character file.

Game seed: 16367128609315775539

175 ragingrage the Sneak (level 5, -1/45 HPs)
             Began as a Naga Warper on Jan 10, 2023.
             Shot with an arrow by a centaur (13 damage)
             ... on level 4 of the Dungeon.
             The game lasted 00:04:44 (3033 turns).

ragingrage the Sneak (Naga Warper)                  Turns: 3033, Time: 00:04:44

Health: -1/45      AC:  7    Str: 13    XL:     5   Next: 55%
Magic:  8/8        EV:  9    Int: 14    God:
Gold:   80         SH:  0    Dex: 12    Spells: 4/8 levels left

rFire   . . .      SeeInvis +    b - +1 whip (drain)
rCold   . . .      Faith    .    (no shield)
rNeg    . . .      Spirit   .    m - +2 leather armour {Will+}
rPois   +          Reflect  .    g - +0 helmet
rElec   +          Harm     .    j - +0 cloak
rCorr   .          Rampage  .    (no gloves)
Will    +....                    (no barding)
Stlth   +                        v - amulet of Deomiuro {RegenMP rElec}
HPRegen 0.27/turn                (no ring)
MPRegen 0.51/turn                (no ring)

@: confused, brilliant, short of breath, ambrosia-drunk, very slow
A: AC +1, large, see invisible, deformed body, poison resistance, slowness 2,
spit poison 1, naga tail 1
a: Spit Poison


You were on level 4 of the Dungeon.
You visited 1 branch of the dungeon, and saw 4 of its levels.

You collected 132 gold pieces.
You spent 52 gold pieces at shops.

Inventory:

Hand Weapons
 a - a +0 falchion
 b - a +1 whip of draining (weapon)
 q - a +0 dagger
 r - a +0 rapier
Missiles
 d - 7 boomerangs of dispersal (quivered)
 p - 9 boomerangs
 s - 4 poisoned darts
 u - 3 atropa-tipped darts
Armour
 g - a +0 helmet (worn)
 j - a +0 cloak (worn)
 m - a +2 leather armour of willpower (worn)
Jewellery
 v - the amulet of Deomiuro (around neck) {RegenMP rElec}
   (You found it on level 4 of the Dungeon)

   [amulet of magic regeneration]

   It increases your rate of magic regeneration.
   rElec:     It insulates you from electricity.
Scrolls
 c - 2 scrolls of blinking
 e - 5 scrolls of identify {unknown}
 h - a scroll of immolation {unknown}
 i - a scroll of enchant armour {unknown}
 n - 3 scrolls of teleportation {unknown}
 t - 3 scrolls of fear
Potions
 f - a potion of mutation {unknown}
 k - 2 potions of curing
 o - a potion of brilliance
 w - a potion of resistance {unknown}


   Skills:
 - Level 2.0 Fighting
 + Level 4.5 Long Blades
 - Level 0.8 Throwing
 - Level 0.7 Armour
 - Level 1.5 Dodging
 + Level 4.9 Stealth
 - Level 2.0 Spellcasting
 - Level 3.0 Translocations


You had 4 spell levels left.
You knew the following spells:

 Your Spells              Type           Power      Damage    Failure   Level
a - Blink                 Tloc           28%        N/A       13%         2
b - Momentum Strike       Conj/Tloc      16%        3d8       24%         2

Your spell library contained the following spells:

 Spells                   Type           Power      Damage    Failure   Level
 Lesser Beckoning         Tloc           28%        N/A       26%         3
 Teleport Other           Tloc           14%        N/A       26%         3
 Vhi's Electric Charge    Tloc/Air       16%        N/A       43%         3
 Manifold Assault         Tloc           14%        N/A       65%         4


Dungeon Overview and Level Annotations

Branches:
Dungeon (4/15)
 Temple: D:4-7

Altars:
Gozag

Shops:
D:3 [*=

Annotations:
D:3 Grinder


Innate Abilities, Weirdness & Mutations

Your serpentine skin is tough. (AC +1)
You have supernaturally acute eyesight. (SInv)
Armour fits poorly on your strangely shaped body.
Your system is resistant to poisons. (rPois)
You cover ground very slowly.
You can spit poison.
You have a snake-like lower body.


Message History

The centaur wields a +0 shortbow.
The centaur shoots an arrow.
The arrow hits you!
Okay, then.
Aiming: Spit Poison (1% risk of failure)
Press: ? - help, Shift-Dir - straight line, f - centaur
Aim: a centaur (moderately wounded, lightly drained, 75% to hit)
The splash of poison hits the centaur!
The centaur is poisoned.
The centaur is severely wounded.
The centaur hits you but does no damage.
The centaur kicks you but does no damage.
The centaur shoots an arrow.
The arrow hits you.
The centaur hits you but does no damage.
The centaur closely misses you.
The centaur shoots an arrow.
The arrow hits you!
It was a potion of curing.
You feel better. The centaur hits you.
The centaur kicks you but does no damage.
The centaur shoots an arrow.
The arrow closely misses you.
It was a potion of ambrosia.
You are confused.
You feel invigorated.
The centaur hits you but does no damage.
The centaur kicks you but does no damage.
The centaur hits you. The centaur closely misses you.
The centaur shoots an arrow.
The arrow barely misses you. The centaur hits you.
The centaur barely misses you.
The centaur shoots an arrow.
The arrow hits you! The centaur completely misses you.
The centaur barely misses you.
The centaur shoots an arrow.
The arrow hits you.
You bump into the metal wall.
The centaur closely misses you. The centaur barely misses you.
The centaur shoots an arrow.
The arrow hits you. The centaur barely misses you.
The centaur kicks you but does no damage.
It was a potion of brilliance.
You feel clever all of a sudden.
The centaur shoots an arrow.
The arrow hits you!
* * * LOW HITPOINT WARNING * * *
The centaur barely misses you.
The centaur kicks you but does no damage.
The centaur shoots an arrow.
The arrow hits you!
You die...

#...........>..####...#......
#.............## #####......
#.............## #######
#..............###
#................#
#.............##.####
########.............
#............# #....@.##.
#...c.## #.!...#
#....c...c... #.....#..##.#
#.....##... #...... #.##
######.. ... ### .##


You could see 2 centaurs.

Vanquished Creatures
  An orc priest (D:4)
  Robin (D:2)
  4 adders (D:2)
  3 worms
  3 dart slugs
  3 orcs (D:4)
  9 bats
  2 endoplasms
  7 giant cockroaches
  6 hobgoblins
  4 jackals (D:2)
  10 kobolds
  2 quokkas
  5 ball pythons
  3 frilled lizards
  11 goblins
  4 rats
78 creatures vanquished.

Vanquished Creatures (others)
  3 plants
3 creatures vanquished.

Grand Total: 81 creatures vanquished

Notes
Turn   | Place    | Note
-------+----------+-------------------------------------------
     0 | D:1      | ragingrage the Naga Warper began the quest for the Orb.
     0 | D:1      | Reached XP level 1. HP: 19/19 MP: 3/3
   182 | D:1      | Reached XP level 2. HP: 26/26 MP: 5/5
   574 | D:1      | Reached skill level 1 in Stealth
   593 | D:1      | Reached XP level 3. HP: 29/29 MP: 6/6
  1416 | D:2      | Reached XP level 4. HP: 25/39 MP: 7/7
  1927 | D:2      | Found an opulent altar of Gozag.
  2066 | D:2      | Noticed Robin
  2092 | D:2      | Killed Robin
  2391 | D:2      | Reached XP level 5. HP: 40/45 MP: 8/8
  2655 | D:3      | Found Arivvidi's General Store.
  2675 | D:3      | Bought a scroll of fear for 52 gold pieces
  2676 | D:3      | Found Ystrec's Jewellery Emporium.
  2688 | D:3      | Noticed Grinder
  2725 | D:3      | Found Rasaucua's Antique Armour Shoppe.
  2813 | D:4      | Identified the amulet of Deomiuro {RegenMP rElec}
  3010 | D:4      | Noticed a centaur
  3015 | D:4      | Learned a level 2 spell: Blink
  3018 | D:4      | Learned a level 2 spell: Momentum Strike
  3022 | D:4      | Noticed a centaur
  3033 | D:4      | Shot with an arrow by a centaur

Illustrated notes

Levels and vault maps discovered:
D:1:      psy_arrival_radial01, layout_loops_cross, minmay_unequal
D:2:      layout_loops_cross, basic_altar, serial_forest,
          infiniplex_forest_lined_3, infiniplex_forest_clump_tiny,
          infiniplex_forest_clump_tiny, infiniplex_forest_end_3,
          infiniplex_forest_lined_3, uniq_robin
D:3:      layout_rooms, serial_shops, nicolae_shop_overgrown_old_shop, shop,
          shop, nicolae_shop_waterfront, uniq_grinder
D:4:      layout_basic, minmay_manual_mares

Skill      XL: |  1  2  3  4 |
---------------+-------------+-----
Long Blades    | 3 4 |  4.5
Stealth        | 1 2 4 |  4.9
Fighting       | |  2.0
Throwing       | |  0.8
Armour         | |  0.7
Dodging        | |  1.5
Spellcasting   | |  2.0
Translocations | |  3.0

Action                   |  1- 3 |  4- 6 || total
-------------------------+-------+-------++-------
Melee: Falchion          |    34 |       ||    34
       Punch             |     2 |     3 ||     5
       Whip              |    89 |   114 ||   203
 Abil: Spit Poison       |     5 |     7 ||    12
  Use: Potion            |       |     3 ||     3
 Stab: Sleeping          |     1 |     4 ||     5
Armor: Leather armour    |    75 |    59 ||   134
Dodge: Dodged            |    73 |    66 ||   139

Table legend: (Time is in decaauts)
 A = Elapsed time spent in this place.
 B = Non-inter-level travel time spent in this place.
 C = Inter-level travel time spent in this place.
 D = Time resting spent in this place.
 E = Time spent auto-exploring this place.
 F = Levels seen in this place.
 G = Mean time per level.
                   A        B        C        D        E       F      G
               +--------+--------+--------+--------+--------+-----+--------+
         Total |   3718 |   3518 |    200 |    918 |   1796 |   4 |  929.5 |
       Dungeon |   3718 |   3518 |    200 |    918 |   1796 |   4 |  929.5 |
               +--------+--------+--------+--------+--------+-----+--------+

Top non-repeatable levels by time:
     D:1: 1651 daAuts
     D:2: 1645 daAuts
     D:4: 260 daAuts
     D:3: 162 daAuts
